 Dungeon Crawl Stone Soup version 0.29.1-15-g9cfb28693d (webtiles) character file.

Game seed: 1267010247274918465

28 bmack86 the Shield-Bearer (level 2, 0/26 HPs)
             Began as a Minotaur Fighter on Apr 18, 2024.
             Slain by a goblin
             ... wielding a +0 club
             ... led by Robin
              (2 damage)
             ... on level 2 of the Dungeon.
             The game lasted 00:01:16 (722 turns).

bmack86 the Shield-Bearer (Minotaur Fighter)         Turns: 722, Time: 00:01:17

Health: 0/26       AC:  6    Str: 20    XL:     2   Next: 96%
Magic:  1/1        EV:  9    Int:  5    God:
Gold:   16         SH:  4    Dex:  9    Spells: 1/1 levels left

rFire   . . .      SeeInvis .   a - +0 war axe
rCold   . . .      Faith    .   c - +0 buckler
rNeg    . . .      Spirit   .   b - +0 scale mail
rPois   .          Reflect  .   (helmet restricted)
rElec   .          Harm     .   (no cloak)
rCorr   .          Rampage  .   (no gloves)
Will    .....                   (no boots)
Stlth   ..........              e - amulet of the acrobat
HPRegen 0.08/turn               (no ring)
MPRegen 0.07/turn               (no ring)

@: no status effects
A: horns 2, retaliatory headbutt
a: no special abilities


You were on level 2 of the Dungeon.
You visited 1 branch of the dungeon, and saw 2 of its levels.

You collected 16 gold pieces.

Inventory:

Hand Weapons
 a - a +0 war axe (weapon)
Missiles
 l - 4 javelins (quivered)
Armour
 b - a +0 scale mail (worn)
 c - a +0 buckler (worn)
Jewellery
 e - an amulet of the acrobat (around neck)
 j - a ring of magical power
Scrolls
 f - a scroll of teleportation {unknown}
 g - 2 scrolls of identify {unknown}
 i - a scroll of acquirement {unknown}
Potions
 d - a potion of might
 h - a potion of flight {unknown}
 k - a potion of curing {unknown}


   Skills:
 - Level 3.6 Fighting
 + Level 3.1 Axes
 - Level 3.6 Armour
 * Level 4.6 Shields


You had one spell level left.
You didn't know any spells.
Your spell library was empty.

Dungeon Overview and Level Annotations

Branches:
Dungeon (2/15)

Altars:
Nemelex Xobeh


Innate Abilities, Weirdness & Mutations

You have a pair of horns on your head.
You reflexively headbutt those who attack you in melee.


Message History

The goblin closely misses you. The hobgoblin hits you.
Robin roars a battlecry!
The hobgoblin goes into a battle-frenzy!
You see here a +0 dagger.
Unknown command.
You slash Robin! You headbutt Robin.
You kill Robin!
You hit the goblin but do no damage. You barely miss the hobgoblin.
You hit the goblin. The goblin hits you but does no damage.
The kobold throws a stone.
You block the stone. The goblin hits you but does no damage.
The hobgoblin hits you. The goblin hits you but does no damage.
The goblin hits you with a +0 dagger.
The hobgoblin hits you but does no damage.
Your Axes skill increases to level 3!
The goblin attacks as you move away! The goblin hits you with a +0 dagger.
* * * LOW HITPOINT WARNING * * *
A goblin comes into view. It is wielding a +1 dagger of venom.
You block the goblin's attack.
Items here: ) [[ †.
Unknown command.
Unknown command.
You closely miss the goblin. Your headbutt misses the goblin.
The goblin is moderately wounded.
You hit the kobold. You barely miss the goblin.
The goblin hits you with a +0 club.
* * * LOW HITPOINT WARNING * * *
The kobold hits you but does no damage. The goblin hits you with a +0 dagger.
* * * LOW HITPOINT WARNING * * *
You closely miss the goblin. Your headbutt misses the goblin.
You barely miss the kobold. You hit the goblin.
The goblin hits you but does no damage. You block the kobold's attack.
The goblin completely misses you. x2; The goblin hits you with a +0 dagger.
* * * LOW HITPOINT WARNING * * *
The kobold barely misses you. You furiously retaliate!
You headbutt the kobold.
You kill the kobold!
You closely miss the goblin. You headbutt the goblin.
You kill the goblin!
You barely miss the goblin. The goblin hits you with a +0 club.
You die...

. .## .. #. #.## #..#
#g## ## # ###g@# ####..#
#.# #..#g# ....... ....
####....###.......
#..).###......)....._....
#........#.##............
#......<...##..#.......#.
.###.###..##....###.####
#..#......##.# ...
#.(...######..# ...#


You could see a hobgoblin (strong) and 2 goblins.

Vanquished Creatures
  Robin (D:2)
  A dart slug (D:1)
  A bat (D:1)
  5 goblins
  A hobgoblin (D:2)
  3 kobolds
  3 ball pythons (D:1)
  A frilled lizard (D:2)
  A rat (D:2)
17 creatures vanquished.

Notes
Turn   | Place    | Note
-------+----------+-------------------------------------------
     0 | D:1      | bmack86 the Minotaur Fighter began the quest for the Orb.
     0 | D:1      | Reached XP level 1. HP: 19/19 MP: 0/0
   165 | D:1      | Reached skill level 4 in Shields
   170 | D:1      | Reached XP level 2. HP: 22/26 MP: 1/1
   587 | D:1      | Found a faded altar of an unknown god.
   690 | D:2      | Found a sparkling altar of Nemelex Xobeh.
   708 | D:2      | Noticed Robin
   718 | D:2      | Killed Robin
   722 | D:2      | Slain by a goblin

Illustrated notes

Levels and vault maps discovered:
D:1:      amcnicky_arrival_blooded_trapdoor, layout_loops_ring,
          dilly_ecumenical_altar_fadedgnrine
D:2:      layout_rooms, serial_shops, shop, basic_altar, minivault_24,
          minmay_misc_feat_enclosed, uniq_robin, uniq_crazy_yiuf_cottage

Skill      XL: |  1  2 |
---------------+-------+-----
Shields        | 4 |  4.6
Axes           | 3 |  3.1
Fighting       | |  3.6
Armour         | |  3.6

Action                   || total
-------------------------++-------
Melee: War axe           ||    23
       Headbutt          ||     4
Throw: Javelin           ||     1
Armor: Scale mail        ||    22
Dodge: Dodged            ||    23
Block: Buckler           ||    13
